Map: Disco Bloodbath LE

Players

Reynor - Winner!

  • Race: Zerg Zerg
  • Spawn Location: 9:00

ShoWTimE

  • Race: Protoss Protoss
  • Spawn Location: 3:00

VOD

Have the link to the VOD?

Description

Time

  • Played on: Sept. 6, 2019, 8:28 p.m.
  • Length: 14:23
Show
View Real Time Build Order
Export as new Build Order

Reynor Zerg - Winner!

Build Orders: Hatch First, Lurkers, Roach Hydra 

Get SALT Encoding   

  12  0:00  Drone  
  13  0:12  Overlord  
  13  0:17  Drone  
  14  0:31  Drone x2  
  16  0:47  Hatchery  
  15  0:51  Drone  
  15  0:55  Drone  
  17  0:58  Drone  
  18  1:08  Extractor  
  17  1:13  Spawning Pool  
  17  1:16  Drone  
  17  1:19  Drone  
  18  1:27  Drone  
  19  1:39  Drone  
  20  1:50  Overlord  
  20  2:01  Zergling x4, Queen x2  
  26  2:11  Drone x2  
  28  2:17  Metabolic Boost  
  28  2:20  Drone  
  28  2:21  Drone  
  30  2:35  Hatchery  
  29  2:37  Drone  
  29  2:40  Drone  
  29  2:42  Drone  
  32  2:46  Zergling x2  
  33  2:53  Overlord  
  33  2:54  Drone  
  33  2:57  Queen  
  36  3:11  Overlord  
  36  3:12  Drone  
  37  3:13  Drone x4  
  37  3:14  Drone  
  37  3:16  Drone  
  37  3:19  Drone  
  44  3:30  Zergling x4  
  44  3:32  Overlord, Queen  
  48  3:37  Queen  
  50  3:44  Overlord, Drone  
  50  3:45  Drone  
  50  3:46  Spore Crawler  
  51  3:52  Spore Crawler, Drone x2  
  51  3:53  Drone  
  53  3:58  Drone x3  
  53  4:02  Drone  
  57  4:05  Drone x3  
  57  4:07  Drone  
  61  4:10  Drone  
  61  4:15  Overlord, Drone x3  
  65  4:23  Overlord  
  65  4:24  Drone  
  65  4:29  Spore Crawler, Queen  
  65  4:30  Overlord  
  66  4:35  Drone x3  
  69  4:41  Roach Warren  
  69  4:43  Lair  
  69  4:45  Drone x2  
  70  4:47  Drone x2  
  70  4:49  Drone x2  
  70  4:51  Extractor, Drone  
  74  4:53  Drone, Extractor  
  74  4:57  Zergling x6  
  76  5:01  Queen  
  76  5:03  Drone x3  
  81  5:09  Overlord  
  81  5:11  Drone  
  81  5:12  Drone  
  81  5:13  Extractor  
  82  5:14  Extractor  
  82  5:17  Overlord  
  82  5:18  Drone x3  
  82  5:19  Drone  
  85  5:26  Drone  
  85  5:27  Drone  
  85  5:28  Spore Crawler  
  86  5:29  Evolution Chamber, Hatchery  
  86  5:31  Drone  
  86  5:33  Spore Crawler, Roach x2  
  86  5:35  Roach  
  90  5:41  Drone x2  
  90  5:42  Overseer  
  92  5:43  Spore Crawler  
  92  5:44  Roach x2  
  92  5:46  Overlord  
  95  5:50  Queen  
  95  5:55  Drone x4  
  95  5:56  Drone  
  102  5:58  Drone x2  
  102  5:59  Extractor  
  102  6:01  Overlord  
  104  6:05  Overlord  
  104  6:08  Drone  
  104  6:09  Drone x2  
  100  6:12  Drone x3  
  100  6:16  Hydralisk Den  
  100  6:17  Infestation Pit, Drone  
  100  6:18  Drone  
  102  6:22  Drone x3  
  105  6:31  Drone x4  
  107  6:34  Drone x3  
  107  6:39  Zerg Missile Weapons Level 1  
  110  6:40  Drone x2  
  110  6:45  Overlord  
  114  6:48  Drone x3  
  114  6:50  Muscular Augments  
  114  6:51  Drone x2  
  114  6:52  Lurker Den  
  114  6:53  Extractor  
  114  6:54  Extractor  
  117  7:01  Drone x7  
  117  7:03  Hive  
  117  7:05  Evolution Chamber, Glial Reconstitution  
  117  7:08  Drone  
  121  7:12  Overlord  
  120  7:23  Hydralisk  
  120  7:24  Hydralisk x5  
  132  7:30  Hydralisk x3  
  132  7:33  Overlord  
  132  7:36  Hydralisk x3  
  144  7:37  Hatchery  
  144  7:41  Zerg Ground Armor Level 1  
  144  7:43  Hydralisk x2  
  147  7:47  Overlord  
  147  7:54  Roach x5  
  147  7:55  Hydralisk  
  147  7:56  Zergling x2  
  160  8:01  Overlord  
  160  8:02  Grooved Spines  
  160  8:12  Pneumatized Carapace  
  160  8:13  Overlord, Extractor  
  160  8:16  Extractor  
  160  8:19  Lurker x5  
  163  8:21  Adaptive Talons  
  163  8:22  Zergling x24  
  163  8:26  Zergling x2  
  175  8:34  Zerg Missile Weapons Level 2  
  175  8:36  Overlord  
  175  8:44  Overseer  
  175  8:46  Overlord  
  175  8:47  Overlord x3  
  175  8:50  Overlord  
  175  8:52  Drone x3  
  175  8:53  Drone  
  175  8:54  Spine Crawler x2  
  175  8:55  Lurker x2, Spine Crawler, Hydralisk x3  
  179  8:56  Zergling x4  
  186  9:07  Hydralisk x4  
  194  9:12  Roach x2  
  194  9:14  Spine Crawler x2  
  195  9:27  Lurker x4  
  193  9:56  Hydralisk x5  
  189  10:04  Lurker x3  
  189  10:05  Hydralisk x4  
  200  10:12  Zerg Ground Armor Level 2  
  200  10:14  Spire x2  
  193  10:29  Hatchery  
  193  10:31  Hydralisk x5  
  193  10:32  Zergling x18  
  193  10:35  Hydralisk x2  
  193  10:36  Zergling x4  
  193  10:39  Lurker  
  193  10:42  Overseer  
  200  10:48  Hydralisk  
  199  10:53  Zerg Missile Weapons Level 3  
  190  11:00  Drone x2  
  186  11:05  Roach x6  
  198  11:12  Spine Crawler x3  
  195  11:20  Spore Crawler, Drone x3  
  195  11:24  Adrenal Glands  
  197  11:32  Lurker x2  
  199  11:37  Zerg Flyer Armor Level 1, Zerg Flyer Weapons Level 1  
  198  11:57  Lurker x2  
  198  12:00  Extractor, Hydralisk  
  198  12:01  Hydralisk x5  
  189  12:04  Extractor  
  196  12:08  Hydralisk  
  196  12:09  Hydralisk  
  200  12:16  Overseer  
  200  12:20  Hydralisk  
  200  12:21  Hydralisk x3  
  200  12:24  Hydralisk x4  
  200  12:25  Hydralisk x5  
  181  12:31  Hydralisk x11  
  181  12:35  Zergling x8, Overseer  
  186  12:38  Zergling x2, Hydralisk  
  186  12:39  Zergling x16  
  186  12:43  Lurker x4  
  186  12:44  Zergling x2, Hydralisk  
  192  12:45  Zergling x14  
  184  12:51  Hydralisk  
  184  12:52  Zergling x10, Hydralisk  
  184  12:53  Zergling x6  
  184  12:55  Hydralisk x2  
  184  12:56  Zergling x6  
  197  13:02  Hydralisk x2  
  197  13:03  Zergling x10  
  185  13:07  Zergling x2, Hydralisk x2  
  185  13:08  Zergling x4  
  185  13:12  Zergling x2, Hydralisk x2  
  178  13:17  Drone x3  
  178  13:18  Overseer  
  178  13:19  Drone x2  
  183  13:28  Lurker x4  
  187  13:35  Drone x3  
  190  13:42  Lurker x2  
  192  13:51  Drone x5  
  192  13:52  Drone x3  
  198  14:01  Lurker x2  
  191  14:07  Hatchery  
Show
View Real Time Build Order
Export as new Build Order

ShoWTimE Protoss 

Build Orders: 1 Gate Expand, Oracle Opening, Phoenix Opening, Archon Immortal 

Get SALT Encoding   

  12  0:00  Probe  
  13  0:12  Probe  
  14  0:18  Pylon  
  14  0:24  Probe  
  15  0:32  Probe  
  15  0:39  Gateway  
  15  0:40  Probe  
  16  0:46  Assimilator  
  17  0:51  Probe  
  18  1:03  Probe  
  19  1:15  Probe  
  20  1:23  Nexus  
  20  1:27  Probe  
  21  1:37  Cybernetics Core  
  21  1:40  Probe  
  21  1:45  Assimilator  
  22  1:52  Pylon  
  22  1:54  Probe  
  23  2:04  Adept  
  23  2:10  Probe  
  26  2:16  Stargate  
  26  2:22  Probe  
  27  2:24  Warp Gate  
  27  2:31  Probe x2  
  27  2:34  Adept  
  31  2:39  Probe x2  
  33  2:49  Probe x2  
  33  2:57  Phoenix  
  35  3:01  Probe x2  
  39  3:13  Probe x2  
  39  3:14  Oracle, Pylon  
  41  3:25  Probe x2  
  46  3:27  Gateway  
  46  3:32  Assimilator  
  46  3:34  Assimilator  
  46  3:37  Probe  
  46  3:38  Probe  
  46  3:40  Robotics Facility  
  48  3:49  Probe  
  48  3:50  Probe  
  48  3:53  Twilight Council  
  50  4:00  Pylon  
  50  4:01  Probe  
  50  4:02  Probe  
  52  4:06  Gateway  
  52  4:12  Gateway  
  52  4:13  Probe  
  53  4:21  Warp Prism  
  53  4:25  Probe  
  54  4:33  Templar Archives  
  54  4:37  Pylon  
  56  4:39  Zealot x2  
  56  4:42  Pylon  
  60  4:47  Psionic Storm  
  60  5:01  Pylon  
  60  5:03  Probe x2  
  60  5:04  Nexus  
  62  5:15  Probe x2  
  62  5:19  High Templar x3  
  70  5:21  Shield Battery  
  70  5:23  Pylon  
  70  5:26  Immortal  
  70  5:27  Probe x2  
  72  5:29  Charge  
  72  5:39  Probe  
  72  5:40  Probe  
  78  5:49  Gateway, Forge  
  78  5:52  Probe x2  
  78  5:56  Immortal  
  78  6:02  Gateway  
  78  6:04  Probe  
  78  6:05  Probe  
  83  6:13  Zealot  
  83  6:16  Probe x2  
  83  6:17  Probe  
  86  6:21  Protoss Ground Weapons Level 1  
  86  6:23  Assimilator  
  86  6:27  Assimilator  
  86  6:28  Probe x2  
  86  6:30  High Templar  
  86  6:32  Probe  
  89  6:37  Immortal, Pylon  
  89  6:38  Stalker  
  91  6:40  Probe  
  91  6:41  Probe  
  97  6:47  High Templar  
  97  6:49  Zealot x2  
  103  6:57  High Templar  
  103  6:58  Gateway, Probe  
  103  6:59  Probe  
  103  7:01  Gateway  
  104  7:09  Immortal  
  104  7:11  Robotics Facility  
  104  7:12  Pylon  
  104  7:18  Photon Cannon  
  104  7:20  Photon Cannon  
  108  7:23  Oracle  
  111  7:31  Shield Battery  
  111  7:34  Photon Cannon  
  111  7:35  High Templar  
  111  7:36  Pylon, High Templar  
  115  7:40  Probe  
  115  7:41  Archon  
  116  7:45  Zealot x3  
  116  7:46  Immortal  
  116  7:49  Pylon  
  126  8:00  Nexus  
  126  8:02  Observer  
  127  8:06  Probe x3  
  127  8:11  Pylon  
  127  8:12  Pylon  
  130  8:17  High Templar x3  
  130  8:18  High Templar  
  138  8:21  Photon Cannon  
  138  8:22  Archon  
  138  8:24  Pylon  
  138  8:25  Archon  
  138  8:29  Immortal  
  138  8:30  Probe  
  138  8:31  Probe x2  
  145  8:37  Zealot x2  
  145  8:41  Protoss Ground Weapons Level 2  
  149  8:43  Probe x2  
  149  8:47  Photon Cannon  
  151  8:50  Immortal, Photon Cannon  
  155  9:01  Assimilator  
  155  9:05  Assimilator  
  155  9:08  Fleet Beacon  
  153  9:11  Shield Battery, Stargate  
  153  9:13  Shield Battery  
  153  9:17  Pylon  
  153  9:19  Zealot x2  
  157  9:28  Stargate  
  157  9:37  Zealot x2  
  161  9:46  Stalker x6  
  171  9:58  Zealot x2  
  171  9:59  Immortal x2  
  155  10:14  Photon Cannon, High Templar  
  163  10:15  Mothership, High Templar x4  
  169  10:23  Zealot x3  
  169  10:28  Immortal  
  169  10:29  Immortal  
  169  10:48  Pylon, Zealot x4  
  174  10:50  Pylon  
  174  10:51  Pylon  
  168  11:04  Pylon  
  168  11:05  Pylon  
  168  11:07  Pylon, Zealot x2  
  168  11:09  Pylon  
  172  11:12  Zealot x2  
  176  11:22  High Templar x4  
  180  11:26  Pylon  
  180  11:31  Zealot x2  
  184  11:40  Nexus  
  184  11:47  Pylon  
  182  11:55  High Templar x4  
  182  11:56  Zealot x3  
  182  11:59  Archon  
  182  12:00  Archon  
  182  12:01  Zealot  
  187  12:21  Zealot x4  
  161  12:37  Zealot x4  
  167  12:51  Nexus  
  167  12:56  High Templar x2  
  167  12:57  High Templar x2  
  167  13:00  Immortal  
  100  13:15  Zealot x3  
  102  13:21  Assimilator  
  102  13:22  Zealot  
  102  13:23  Assimilator  
  102  13:24  Observer  
  105  13:30  Zealot x2  
  109  13:39  Zealot x2, High Templar x2  
  117  13:43  Archon  
  117  13:47  Zealot, Sentry  
  121  13:50  Zealot x2  
  124  14:01  Zealot x2  
  94  14:17  Zealot x4  
Tags
 
Add a new tag
Caveats
  • Supply blocks, unpowered buildings, or Contaminate may cause inaccurate times.
  • Supply counts are checked every 10 seconds.